 Dungeon Crawl Stone Soup version 0.17.0-7-gfadd4cc (webtiles) character file.

800 Eptagon the Sneak (level 7, -3/32 HPs)
             Began as a Vine Stalker Enchanter on Nov 8, 2015.
             Slain by a centaur skeleton (5 damage)
             ... on level 5 of the Dungeon.
             The game lasted 00:13:45 (3477 turns).

Eptagon the Sneak (Vine Stalker Enchanter)          Turns: 3477, Time: 00:13:45

Health: -3/32      AC:  4    Str: 10    XL:     7   Next: 90%
Magic:  0/14       EV: 12    Int: 16    God:
Gold:   205        SH:  0    Dex: 16    Spells: 4 memorised, 5 levels left

rFire  . . .     SeeInvis .     a - +0 dagger (elec)
rCold  . . .     Clarity  .     B - +1 robe
rNeg   . . .     SustAt   .     (no shield)
rPois  .         Gourm    .     (no helmet)
rElec  .         Spirit   +     (no cloak)
rCorr  .         Warding  .     p - +0 pair of gloves
rMut   .         Stasis   .     (no boots)
MR     .....                    (no amulet)
Stlth  +++.......               (no ring)
                                (no ring)

@: invisible, not resistant to hostile enchantments, fairly stealthy
A: fangs 2, regeneration 2, magic shield, antimagic bite, no device heal 3, rot
immunity
a: no special abilities


You were on level 5 of the Dungeon.
You were not hungry.

You visited 1 branch of the dungeon, and saw 5 of its levels.

You collected 205 gold pieces.

Inventory:

Hand Weapons
 a - a +0 dagger of electrocution (weapon)
 b - a +0 blowgun
 z - a +3 lajatang of protection
Missiles
 e - 40 poisoned needles
Armour
 m - a +2 buckler
 p - a +0 pair of gloves (worn)
 B - a +1 robe (worn)
Jewellery
 t - an uncursed ring of ice
Wands
 A - a wand of frost (21)
Scrolls
 f - a scroll of teleportation {unknown}
 g - a scroll of noise {unknown}
 h - a scroll of amnesia {unknown}
 i - 4 scrolls of magic mapping {unknown}
 k - a scroll of enchant armour {unknown}
 o - a scroll of fog {unknown}
 v - a scroll of fear {unknown}
 w - a scroll of random uselessness {unknown}
 x - a scroll of recharging {unknown}
 y - 2 scrolls of identify
Potions
 j - 2 potions of curing
 l - a potion of invisibility
 n - 3 potions of agility
 r - 2 potions of flight
 u - 3 potions of might
Books
 c - a book of Maledictions

   Spells                             Type                      Level
   a - Corona                         Hexes                        1
   b - Ensorcelled Hibernation        Hexes/Ice                    2
   c - Confuse                        Hexes                        3
   d - Tukima's Dance                 Hexes                        3
   e - Dazzling Spray                 Conjuration/Hexes            3
Comestibles
 d - 4 bread rations
 q - a chunk of flesh
 s - 9 fruits


   Skills:
 + Level 2.1 Short Blades
 - Level 1.5 Dodging
 + Level 6.6 Stealth
 + Level 4.4 Spellcasting
 * Level 6.5 Hexes


You had 5 spell levels left.
You knew the following spells:

 Your Spells              Type           Power        Failure   Level  Hunger
a - Ensorcelled Hibernat  Hex/Ice        ##....       10%         2    ##.....
c - Confuse               Hex            ###.....     3%          3    ###....
d - Tukima's Dance        Hex            ###.....     3%          3    ###....
Z - Corona                Hex            ###....      1%          1    None


Dungeon Overview and Level Annotations

Branches:
Dungeon (5/15)
 Temple: D:4-7

Altars:
Kikubaaqudgha
Sif Muna
Vehumet
Yredelemnul


Innate Abilities, Weirdness & Mutations

You have extremely sharp teeth.
You heal very quickly.
When hurt, damage is shared between your health and your magic reserves.
Your bite disrupts and absorbs the magic of your enemies.
Potions and wands cannot restore your health.
You are immune to rotting.


Message History

Drink which item? (? for menu, Esc to quit)
You feel better. The centaur skeleton hits you.
* * * LOW HITPOINT WARNING * * *
The centaur skeleton closely misses you.
A jelly comes into view.
Found a helmet.
The centaur skeleton hits you but does no damage.
The centaur skeleton hits you.
* * * LOW HITPOINT WARNING * * *
Found a chain mail and a meat ration.
The centaur skeleton hits you.
* * * LOW HITPOINT WARNING * * *
Evoke which item? (* to show all) (? for menu, Esc to quit)
Okay, then.
Read which item? (? for menu, Esc to quit)
Okay, then.
Drink which item? (? for menu, Esc to quit)
You fade into invisibility!
The centaur skeleton hits you.
You die...

...##........###.###.......
...##........###.###..#..#.
...##.....)................
#######......######.#.#...
# #####.## #.# # #.# #.# #
#.# #.# # ##.#######.###...
. .....[.@Z......... ######
##.#######.###...# #<..#
.... .% ####.# #.### .....#
#.. ###### ###


You could see a centaur skeleton.

Vanquished Creatures
  Eustachio (D:4)
  4 scorpions (D:5)
  A centaur zombie (D:3)
  2 orc wizards
  An orc priest (D:3)
  Jessica (D:3)
  An iguana (D:4)
  3 worker ants
  A hound skeleton (D:4)
  A worker ant zombie (D:3)
  9 adders
  3 oozes
  An adder skeleton (D:4)
  3 worms
  11 orcs
  6 hobgoblins
  11 kobolds
  2 ball pythons (D:3)
  14 bats
  2 giant cockroaches
  A giant gecko skeleton (D:4)
  A giant newt (D:2)
  6 goblins
  11 jackals
  5 rats
102 creatures vanquished.

Vanquished Creatures (collateral kills)
  3 orcs (D:3)
  A goblin (D:3)
  A jackal (D:4)
5 creatures vanquished.

Vanquished Creatures (others)
  A fungus (D:5)
1 creature vanquished.

Grand Total: 108 creatures vanquished

Notes
Turn   | Place    | Note
--------------------------------------------------------------
     0 | D:1      | Eptagon the Vine Stalker Enchanter began the quest for the Orb.
     0 | D:1      | Reached XP level 1. HP: 9/9 MP: 4/4
   105 | D:1      | Reached skill level 4 in Stealth
   139 | D:1      | Reached XP level 2. HP: 13/13 MP: 6/6
   143 | D:1      | Learned a level 2 spell: Ensorcelled Hibernation
   907 | D:2      | Reached XP level 3. HP: 7/16 MP: 1/7
   982 | D:2      | Found a deep blue altar of Sif Muna.
  1409 | D:2      | Reached XP level 4. HP: 19/21 MP: 7/9
  1564 | D:3      | Noticed Jessica
  1635 | D:2      | Learned a level 3 spell: Confuse
  1759 | D:3      | Killed Jessica
  1781 | D:3      | Reached XP level 5. HP: 20/24 MP: 10/10
  2027 | D:3      | Found an ancient bone altar of Kikubaaqudgha.
  2075 | D:3      | Learned a level 3 spell: Tukima's Dance
  2126 | D:3      | Reached skill level 5 in Stealth
  2186 | D:3      | Reached skill level 5 in Hexes
  2196 | D:3      | Gained mutation: You heal very quickly. [Vine Stalker growth]
  2196 | D:3      | Reached XP level 6. HP: 23/28 MP: 5/12
  2583 | D:3      | Found a basalt altar of Yredelemnul.
  2842 | D:4      | Found a radiant altar of Vehumet.
  2876 | D:4      | Noticed Eustachio
  2933 | D:4      | Reached skill level 1 in Short Blades
  2942 | D:4      | Killed Eustachio
  2942 | D:4      | Reached XP level 7. HP: 13/32 MP: 1/14
  3202 | D:4      | Reached skill level 6 in Hexes
  3236 | D:5      | Entered Level 5 of the Dungeon
  3464 | D:5      | HP: 1/32 [centaur skeleton (2)]
  3476 | D:5      | HP: 1/32 [centaur skeleton (4)]
  3477 | D:5      | Slain by a centaur skeleton

Action                   |  1- 3 |  4- 6 |  7- 9 || total
-------------------------+-------+-------+-------++-------
Melee: Dagger            |    88 |   161 |    82 ||   331
 Fire: Blowgun           |       |     6 |       ||     6
 Cast: Ensorcelled Hiber |    14 |     3 |       ||    17
       Confuse           |       |    25 |     7 ||    32
       Tukima's Dance    |       |     3 |     1 ||     4
  Use: Scroll            |     3 |     3 |       ||     6
       Potion            |       |       |     2 ||     2
 Stab: Sleeping          |     8 |     7 |     2 ||    17
       Confused          |       |    10 |     1 ||    11
  Eat: Chunk             |     2 |     8 |     3 ||    13
